 Dungeon Sprint DCSS version 0.23-a0-650-ga4d50d4 (webtiles) character file.

587 Leeroy the Fencer (level 7, -7/51 HPs)
             Began as a Barachi Skald on Jan 2, 2019.
             Was a Believer of Qazlal.
             Mangled by a +5 glaive of venom (30 damage)
             ... in the Dungeon (Sprint V: "Ziggurat Sprint").
             The game lasted 00:25:19 (556 turns).

Leeroy the Fencer (Barachi Skald)                    Turns: 556, Time: 00:25:20

Health: -7/51      AC:  0    Str: 12    XL:     7   Next: 38%
Magic:  10/10      EV:  4    Int: 22    God:    Qazlal [**....]
Gold:   0          SH: 28    Dex: 11    Spells: 1/10 levels left

rFire    . . .     SeeInvis .   I - +7 Screaming Sword {slice, sonic wave}
rCold    + . .     Gourm    .   M - +18 shield of the Gong {rElec rN+ MR+ EV-5}
rNeg     + + .     Faith    .   (no armour)
rPois    +         Spirit   .   (no helmet)
rElec    +         Reflect  .   (no cloak)
rCorr    .         Harm     .   (no gloves)
MR       +....     NoTele   +   (no boots)
Stlth    +.........             (no amulet)
HPRegen  0.17/turn              Y - ring "Wozeoj" {rPois rC+ rN+}
MPRegen  0.12/turn              A - +6 ring of intelligence

@: very slightly contaminated, slow
A: +LOS, swims, slowness 1, strong legs 1
a: Hop, Upheaval, Renounce Religion


You were in the Dungeon.
You worshipped Qazlal.
Qazlal was pleased with you.
You were not hungry.

You visited 1 branch

Inventory:

Hand Weapons
 a - the +7 great mace "Firestarter" {inner flame, rF++}
   (You found it in the Dungeon)

   It has been specially enchanted to burn those struck by it, causing extra
   injury to most foes and up to half again as much damage against particularly
   susceptible opponents.
   It greatly protects you from fire.
 I - the +7 Screaming Sword (weapon) {slice, sonic wave}
   (You found it in the Dungeon)

   It inflicts extra damage upon your enemies.
 J - the +11 plutonium sword {*Contam Stlth-}
   (You found it in the Dungeon)

   It causes magical contamination when unequipped.
   It makes you less stealthy.
 L - the +9 sword of Zonguldrok {reap}
   (You found it in the Dungeon)

   If a monster killed with it leaves a corpse in good enough shape, the corpse
   will be animated as a zombie friendly to the killer.
 N - a +5 quick blade
 O - a +5 demon blade
 P - a +5 double sword
 Q - a +5 triple sword (quivered)
 T - the +9 heavy crossbow "Sniper" {velocity, Acc+∞ SInv}
   (You found it in the Dungeon)

   Any bolt fired from it inflicts extra damage.
   It lets you see invisible.
 U - the cursed +14 obsidian axe {chop, +Fly SInv *Curse}
   (You found it in the Dungeon)

   It inflicts extra damage upon your enemies.
   It lets you see invisible.
   It lets you fly.
   It curses itself when equipped.
   It has a curse placed upon it.
 X - the +9 battleaxe of Wu Jian's Vengeance {speed, MR+ Str+4 Int+3}
   (You found it in the Dungeon)

   Attacks with this weapon are significantly faster.
   It affects your strength (+4).
   It affects your intelligence (+3).
   It affects your resistance to hostile enchantments.
 Z - a +2 scimitar of electrocution
Missiles
 V - 1036 bolts
Armour
 b - +5 ice dragon scales
 K - the +15 Maxwell's patent armour {-Cast -Tele rElec MR+ rCorr}
   (You found it in the Dungeon)

   It insulates you from electricity.
   It affects your resistance to hostile enchantments.
   It prevents spellcasting.
   It prevents most forms of teleportation.
   It provides partial protection from all sources of acid and corrosion.
 M - the +18 shield of the Gong (worn) {rElec rN+ MR+ EV-5}
   (You found it in the Dungeon)

   It affects your evasion (-5).
   It insulates you from electricity.
   It protects you from negative energy.
   It affects your resistance to hostile enchantments.
 R - a +3 buckler
 S - +5 fire dragon scales
Magical Staves
 G - an uncursed staff of energy
Jewellery
 y - a +6 ring of dexterity
 z - a +6 ring of dexterity
 A - a +6 ring of intelligence (right hand)
 B - a +6 ring of intelligence
 C - a +6 ring of strength
 D - a +6 ring of strength
 E - an uncursed ring of flight
 Y - the ring "Wozeoj" (left hand) {rPois rC+ rN+}
   (You found it in the Dungeon)

   [ring of poison resistance]

   It protects you from cold.
   It protects you from poison.
   It protects you from negative energy.
Wands
 v - a wand of disintegration (7)
 w - a wand of iceblast (7)
 x - a wand of acid (7)
Scrolls
 j - 4 scrolls of blinking
 p - 4 scrolls of amnesia
 q - 7 scrolls of fog
 r - a scroll of holy word
 s - 5 scrolls of identify
 t - 5 scrolls of remove curse
 u - 2 scrolls of fear
Potions
 c - 2 potions of brilliance
 e - 10 potions of curing
 f - 9 potions of heal wounds
 g - 6 potions of haste
 h - 7 potions of magic
 i - 3 potions of berserk rage
 k - 2 potions of invisibility
 l - 4 potions of resistance
 m - a potion of experience
 n - 5 potions of agility
 o - 5 potions of might
Miscellaneous
 F - a crystal ball of energy
 H - a lightning rod (4/4)
 W - a phantom mirror
Comestibles
 d - 7 rations


   Skills:
 - Level 2.4 Fighting
 + Level 16.4 Long Blades
 - Level 2.4 Armour
 - Level 2.1 Dodging
 - Level 2.1 Spellcasting
 - Level 3.2 Charms
 - Level 3.6 Invocations


You had one spell level left.
You knew the following spells:

 Your Spells              Type           Power        Failure   Level  Hunger
a - Infusion              Chrm           ###.         24%         1    #......
b - Spectral Weapon       Hex/Chrm       #.......     82%         3    ###....
c - Mephitic Cloud        Conj/Pois/Air  #.......     96%         3    ###....
d - Blink                 Tloc           N/A          82%         2    ##.....

Your spell library contained the following spells:

 Spells                   Type           Power        Failure   Level  Hunger
 Animate Skeleton         Necr           N/A          67%         1    #......
 Apportation              Tloc           #.....       67%         1    #......
 Confusing Touch          Hex            #.....       67%         1    #......
 Magic Dart               Conj           #...         67%         1    #......
 Summon Small Mammal      Summ           #...         67%         1    #......
 Song of Slaying          Chrm           ###.....     36%         2    ##.....
 Shroud of Golubria       Chrm/Tloc      #.........   58%         2    ##.....
 Call Imp                 Summ           #.......     82%         2    ##.....
 Slow                     Hex            #.......     82%         2    ##.....
 Regeneration             Chrm/Necr      #.........   82%         3    ###....
 Conjure Flame            Conj/Fire      #.......     96%         3    ###....


Dungeon Overview and Level Annotations

Branches:
Dungeon (1/1)

Altars:
Ashenzari
Cheibriados
Dithmenos
Elyvilon
Fedhas
Gozag
Hepliaklqana
Kikubaaqudgha
Makhleb
Nemelex Xobeh
Okawaru
Qazlal
Ru
Sif Muna
Trog
Uskayaw
Vehumet
Wu Jian
Xom
Yredelemnul
Zin
The Shining One
Beogh
Jiyva
Lugonu

Annotations:
D 1 transporter


Innate Abilities, Weirdness & Mutations

Shadows flee at your approach. (+LOS)
You can swim through water.
You cover ground slowly.
You can hop short distances.


Message History

The deep elf mage casts a spell.
You block the +5 glaive of venom's attack.
BOUMMMMG!
The +1 halberd of chopping hits you from afar!
You slash the deep elf mage!
The deep elf mage is heavily wounded.
The deep elf mage hits you with a +0 short sword!
The +1 halberd of chopping hits you from afar!
* * * LOW HITPOINT WARNING * * *
x2 Unknown command.
Unknown command.
Unknown command.
Unknown command.
Unknown command.
Unknown command.
Unknown command.
You feel much better.
The +5 glaive of venom hits you from afar!!
Ouch! That really hurt!
You die...

▓.....▓.....▓..©..▓
▓..©..▓..©..▓▓▓▓▓▓▓
▓▓▓▓▓▓▓▓▓▓▓▓▓▓
▓..8©8...▓
▓..=")...▓
▓...:....▓
▓..((E...▓
▓..☼e○...▓
▓.▓.@○.▓.▓
▓.E.©.E..▓
▓▓▓▓▓▓▓▓▓▓


You could see 3 earth elementals, a deep elf mage and 2 dancing weapons.

Vanquished Creatures
  A yaktaur (D)
  A centaur (D)
  A crimson imp (D)
  A quasit (D)
  2 jellies (D)
6 creatures vanquished.

Vanquished Creatures (collateral kills)
  A yaktaur (D)
  A bat zombie (D)
  A ball python zombie (D)
3 creatures vanquished.

Grand Total: 9 creatures vanquished

Notes
Turn   | Place    | Note
-------+----------+-------------------------------------------
     0 | D        | Found the +6 Majin-Bo {vamp, Archmagi MP+6 Int+6}
     0 | D        | Found the +7 great mace "Firestarter" {inner flame, rF++}
     0 | D        | Leeroy the Barachi Skald began the quest for the Orb.
     0 | D        | Reached XP level 1. HP: 17/17 MP: 3/3
     0 | D        | Found a transporter.
     0 | D        | Found an ancient bone altar of Kikubaaqudgha.
     0 | D        | Found a viscous altar of Jiyva.
     0 | D        | Found a corrupted altar of Lugonu.
     0 | D        | Found a hazy altar of Hepliaklqana.
     0 | D        | Found a burning altar of Makhleb.
     0 | D        | Found an opulent altar of Gozag.
    25 | D        | Found the +9 heavy crossbow "Sniper" {velocity, Acc+∞ SInv}
    25 | D        | Found the +10 dark maul {crush}
    25 | D        | Found the +15 Maxwell's patent armour {-Cast -Tele rElec
                  | MR+ rCorr}
    25 | D        | Found the +18 shield of the Gong {rElec rN+ MR+ EV-5}
    25 | D        | Found the cursed +14 obsidian axe {chop, +Fly SInv *Curse}
    26 | D        | Found the +6 shillelagh "Devastator" {shatter}
    26 | D        | Found the +11 plutonium sword {*Contam Stlth-}
    26 | D        | Found the +8 lance "Wyrmbane" {slay drac, rPois rF+ rC+
                  | AC+3}
    26 | D        | Found the +9 sword of Zonguldrok {reap}
    26 | D        | Found the cursed +13 scythe of Curses {drain, *Curse}
    26 | D        | Found the +0 sword of Power
    26 | D        | Found the +7 mace of Variability {chain chaos}
    26 | D        | Found the +7 Singing Sword {slice, sonic wave}
    26 | D        | Found the +7 longbow "Piercer" {penet, EV-2}
   128 | D        | Became a worshipper of Qazlal Stormbringer
   140 | D        | Entered arena 2.
   140 | D        | Noticed a jelly
   140 | D        | Noticed a jelly
   140 | D        | Found a transporter.
   144 | D        | Killed a jelly
   144 | D        | Reached skill level 7 in Long Blades
   144 | D        | Reached XP level 2. HP: 19/23 MP: 5/5
   144 | D        | Reached XP level 3. HP: 23/28 MP: 6/6
   148 | D        | Reached skill level 9 in Long Blades
   148 | D        | Reached XP level 4. HP: 25/34 MP: 7/7
   327 | D        | Entered arena 3.
   327 | D        | Noticed a yaktaur
   327 | D        | Noticed a yaktaur
   327 | D        | Noticed a centaur
   327 | D        | Found a transporter.
   338 | D        | Killed a yaktaur
   338 | D        | Reached * piety under Qazlal
   338 | D        | Reached skill level 14 in Long Blades
   338 | D        | Reached XP level 5. HP: 39/39 MP: 8/8
   338 | D        | Reached XP level 6. HP: 46/46 MP: 9/9
   340 | D        | Reached skill level 15 in Long Blades
   344 | D        | Killed a yaktaur
   344 | D        | Reached skill level 16 in Long Blades
   344 | D        | Reached XP level 7. HP: 36/51 MP: 10/10
   425 | D        | Entered arena 4.
   425 | D        | Found a transporter.
   428 | D        | Reached ** piety under Qazlal
   455 | D        | Learned a level 3 spell: Spectral Weapon
   459 | D        | Learned a level 3 spell: Mephitic Cloud
   462 | D        | Learned a level 2 spell: Blink
   470 | D        | Got the ring "Wozeoj" {rPois rC+ rN+}
   526 | D        | Got the +9 battleaxe of Wu Jian's Vengeance {speed, MR+
                  | Str+4 Int+3}
   552 | D        | Entered arena 5.
   552 | D        | Noticed a +1 halberd of chopping
   552 | D        | Noticed a +5 glaive of venom
   552 | D        | Noticed a deep elf mage
   552 | D        | Found a transporter.
   556 | D        | Mangled by a +5 glaive of venom

Vault maps used:
D:        sprint_v

Skill      XL: |  1  2  3  4  5  6  7 |
---------------+----------------------+-----
Long Blades    | 7 9 14 16 | 16.4
Invocations    | 3 |  3.6
Armour         | 2 |  2.4
Fighting       | |  2.4
Dodging        | |  2.1
Spellcasting   | |  2.1
Charms         | |  3.2

Action                   |  1- 3 |  4- 6 |  7- 9 || total
-------------------------+-------+-------+-------++-------
Melee: Demon blade       |     8 |       |       ||     8
       Double sword      |       |     8 |    10 ||    18
  Use: Potion            |       |       |     1 ||     1
Armor: Plate armour      |     2 |     7 |    15 ||    24
Dodge: Dodged            |     1 |       |     1 ||     2
Block: Shield            |     8 |    27 |    33 ||    68
       Rpst.: Demon blade |     1 |       |       ||     1

Table legend:
 A = Non-vault XP
 B = Vault XP
 C = Vault XP percentage of total XP
 D = Non-vault monster count
 E = Vault monster count
 F = Vault count percentage of total count
                 A         B        C        D         E       F
            +---------+---------+-------+---------+---------+-------
      Total |       0 |     839 | 100.0 |       0 |       9 | 100.0
            +---------+---------+-------+---------+---------+-------
          D |       0 |     839 | 100.0 |       0 |       9 | 100.0
            +---------+---------+-------+---------+---------+-------
